 Dungeon Sprint DCSS version 0.23.2-30-g0e89c35649 (webtiles) character file.

Game seed: 9667489400596371195

2749 Aldia the Imperceptible (level 9, 0/39 HPs)
             Began as a Spriggan Enchanter on June 7, 2019.
             Was a Believer of Dithmenos.
             Slain by a demonic crawler (10 damage)
             ... in the Dungeon (Sprint I: "Red Sonja").
             The game lasted 00:09:29 (666 turns).

Aldia the Imperceptible (Spriggan Enchanter)         Turns: 666, Time: 00:09:31

Health: 0/39       AC:  3    Str:  4    XL:     9   Next: 41%
Magic:  1/24       EV: 18    Int: 16    God:    Dithmenos [**....]
Gold:   600        SH:  0    Dex: 20    Spells: 16/28 levels left

rFire    . . .     SeeInvis +   a - +1 dagger
rCold    . . .     Gourm    .   (shield restricted)
rNeg     . . .     Faith    .   b - +0 robe
rPois    .         Spirit   .   (helmet restricted)
rElec    .         Reflect  .   k - +0 cloak
rCorr    .         Harm     .   (gloves unavailable)
MR       +....     NoTele   +   (boots unavailable)
Stlth    ++++++++++             (no amulet)
HPRegen  0.13/turn              (no ring)
MPRegen  0.19/turn              (no ring)

@: very slightly contaminated, wreathed by umbra, very quick
A: very small, unfitting armour, see invisible, herbivore, speed 3, slow
metabolism 2
a: Shadow Step, Renounce Religion


You were in the Dungeon.
You worshipped Dithmenos.
Dithmenos was pleased with you.
You were not hungry.

You visited 1 branch You collected 645 gold pieces.
You spent 45 gold pieces at shops.

Inventory:

Hand Weapons
 a - a +1 dagger (weapon)
 c - a +0 blowgun
Missiles
 i - 9 curare-tipped needles
Armour
 b - a +0 robe (worn)
 k - a +0 cloak (worn)
Scrolls
 j - a scroll of blinking
 l - a scroll of identify {unknown}
Potions
 e - a potion of curing
 f - a potion of heal wounds
 g - a potion of haste
 h - 2 potions of magic
Comestibles
 d - 3 rations


   Skills:
 + Level 9.3 Short Blades
 - Level 3.0 Dodging
 * Level 21.7 Stealth
 + Level 10.4 Spellcasting
 - Level 11.5 Hexes
 + Level 2.6 Invocations


You had 16 spell levels left.
You knew the following spells:

 Your Spells              Type           Power        Failure   Level  Hunger
a - Corona                Hex            #####..      1%          1    None
b - Ensorcelled Hibernat  Hex/Ice        ####..       1%          2    None
c - Confuse               Hex            #####...     1%          3    None
d - Tukima's Dance        Hex            #####...     1%          3    None
e - Dazzling Spray        Conj/Hex       ####..       2%          3    None

Your spell library contained the following spells:

 Spells                   Type           Power        Failure   Level  Hunger


Dungeon Overview and Level Annotations

Branches:
Dungeon (1/1)

Altars:
Cheibriados
Dithmenos
Elyvilon
Fedhas
Gozag
Hepliaklqana
Kikubaaqudgha
Makhleb
Nemelex Xobeh
Okawaru
Qazlal
Ru
Sif Muna
Trog
Uskayaw
Vehumet
Wu Jian
Xom
Yredelemnul
Zin
The Shining One
Jiyva
Lugonu

Shops:
D ![


Innate Abilities, Weirdness & Mutations

You are very small and have problems with some larger weapons.
You are too small for most types of armour.
You have supernaturally acute eyesight. (SInv)
You are a herbivore.
You cover ground extremely quickly.
You need to consume almost no food.


Message History

The demonic crawler misses you. The demonic crawler barely misses you.
The demonic crawler hits you.
* * * LOW HITPOINT WARNING * * *
The demonic crawler completely misses you.
The demonic crawler closely misses you.
The demonic crawler completely misses you.
Casting: Confuse (safe; 1% risk of failure)
Confirm with . or Enter, or press ? or * to list all spells.
Aiming: Confuse (safe; 1% risk of failure)
Press: ? - help, Shift-Dir - straight line, f/p - demonic crawler
Aim: a demonic crawler (clinging, umbra, chance to defeat MR: 9%)
The demonic crawler resists with almost no effort.
Casting: Confuse (safe; 1% risk of failure)
Confirm with . or Enter, or press ? or * to list all spells.
Aiming: Confuse (safe; 1% risk of failure)
Press: ? - help, Shift-Dir - straight line, f/p - demonic crawler
Aim: a demonic crawler (clinging, umbra, chance to defeat MR: 9%)
The demonic crawler resists with almost no effort.
The demonic crawler barely misses you. The demonic crawler hits you!
You die...

#########################
<.#..'..#.)'..#__#..'...#
..)..#.)'..#..'.@s.)#...##+#
..#####'#####'#_s####)..'..#
..####..#...#.#### #####..+
..#__####..##.# +##
..#_____##'#_.+
⌠⌠#_.∩..†'..._#
###_..__##_.#'##+###
#_____###'#(#..[[###
#########.####'###.##


You could see 2 demonic crawlers.

Vanquished Creatures
  Sonja (D)
  A deep troll (D)
  2 kobold demonologists (D)
  2 demonic crawlers (D)
  A slime creature (D)
  Sigmund (D)
  A yak (D)
  A floating eye (D)
  An ogre (D)
  A jelly (D)
  Ijyb (D)
13 creatures vanquished.

Notes
Turn   | Place    | Note
-------+----------+-------------------------------------------
     0 | D        | Aldia the Spriggan Enchanter began the quest for the Orb.
     0 | D        | Reached XP level 1. HP: 9/9 MP: 5/5
     1 | D        | Noticed Ijyb
     9 | D        | Killed Ijyb
     9 | D        | Reached skill level 10 in Stealth
     9 | D        | Reached XP level 2. HP: 12/13 MP: 6/6
   124 | D        | Learned a level 2 spell: Ensorcelled Hibernation
   124 | D        | Noticed an ogre
   127 | D        | Killed an ogre
   127 | D        | Reached skill level 14 in Stealth
   127 | D        | Reached XP level 3. HP: 16/16 MP: 8/8
   127 | D        | Reached XP level 4. HP: 21/21 MP: 9/9
   141 | D        | Learned a level 3 spell: Confuse
   141 | D        | Noticed Sigmund
   144 | D        | Killed Sigmund
   144 | D        | Reached skill level 17 in Stealth
   144 | D        | Reached XP level 5. HP: 24/24 MP: 10/10
   156 | D        | Found a deep blue altar of Sif Muna.
   157 | D        | Found an ornate altar of the Wu Jian Council.
   158 | D        | Found a radiant altar of Vehumet.
   162 | D        | Reached XP level 6. HP: 28/28 MP: 11/11
   186 | D        | Found Cutunirgh's Distillery.
   186 | D        | Found an ancient bone altar of Kikubaaqudgha.
   186 | D        | Found a hazy altar of Hepliaklqana.
   186 | D        | Found a hide-covered altar of Uskayaw.
   186 | D        | Found a basalt altar of Yredelemnul.
   186 | D        | Found an opulent altar of Gozag.
   186 | D        | Found a snail-covered altar of Cheibriados.
   186 | D        | Found a sacrificial altar of Ru.
   186 | D        | Found a shadowy altar of Dithmenos.
   186 | D        | Noticed a yak
   187 | D        | Found a stormy altar of Qazlal.
   187 | D        | Found a blossoming altar of Fedhas.
   187 | D        | Found a bloodstained altar of Trog.
   187 | D        | Found an iron altar of Okawaru.
   187 | D        | Found a glowing golden altar of the Shining One.
   187 | D        | Found a glowing silver altar of Zin.
   187 | D        | Found a white marble altar of Elyvilon.
   188 | D        | Killed a yak
   188 | D        | Reached skill level 18 in Stealth
   189 | D        | Found a sparkling altar of Nemelex Xobeh.
   195 | D        | Became a worshipper of Dithmenos the Shadowed
   203 | D        | Noticed Sonja
   207 | D        | Killed Sonja
   207 | D        | Reached skill level 19 in Stealth
   207 | D        | Reached skill level 10 in Hexes
   207 | D        | Reached XP level 7. HP: 32/32 MP: 12/18
   217 | D        | Noticed a deep troll
   221 | D        | Killed a deep troll
   221 | D        | Reached XP level 8. HP: 36/36 MP: 15/21
   242 | D        | Learned a level 3 spell: Tukima's Dance
   246 | D        | Learned a level 3 spell: Dazzling Spray
   246 | D        | Found Puku's Armour Emporium.
   251 | D        | Bought a +0 cloak for 45 gold pieces
   283 | D        | Found a viscous altar of Jiyva.
   283 | D        | Found a corrupted altar of Lugonu.
   283 | D        | Noticed a slime creature
   284 | D        | Found a burning altar of Makhleb.
   284 | D        | Found a shimmering altar of Xom.
   288 | D        | Killed a slime creature
   288 | D        | Reached * piety under Dithmenos
   288 | D        | Reached skill level 20 in Stealth
   302 | D        | Noticed a kobold demonologist
   303 | D        | Noticed a kobold demonologist
   310 | D        | Killed a kobold demonologist
   314 | D        | Reached XP level 9. HP: 34/39 MP: 14/23
   316 | D        | Killed a kobold demonologist
   316 | D        | Reached ** piety under Dithmenos
   316 | D        | Reached skill level 21 in Stealth
   350 | D        | Noticed a demonic crawler
   350 | D        | Noticed a demonic crawler
   350 | D        | Noticed a demonic crawler
   350 | D        | Noticed a demonic crawler
   586 | D        | Killed a demonic crawler
   586 | D        | Reached skill level 10 in Spellcasting
   586 | D        | Reached skill level 1 in Invocations
   662 | D        | Killed a demonic crawler
   666 | D        | Slain by a demonic crawler

Skill      XL: |  1  2  3  4  5  6  7  8  9 |
---------------+----------------------------+-----
Stealth        | 10 14 17 19 20 21 | 21.7
Spellcasting   | 3 7 8 9 10 | 10.4
Hexes          | 4 10 11 | 11.5
Short Blades   | 6 7 8 9 |  9.3
Invocations    | 2 |  2.6
Dodging        | |  3.0

Action                   |  1- 3 |  4- 6 |  7- 9 || total
-------------------------+-------+-------+-------++-------
Melee: Dagger            |     8 |     4 |     9 ||    21
 Cast: Confuse           |       |       |    11 ||    11
       Ensorcelled Hiber |       |       |     2 ||     2
       Dazzling Spray    |       |       |     1 ||     1
  Use: Potion            |     1 |       |       ||     1
 Stab: Sleeping          |     1 |     4 |     4 ||     9
       Confused          |       |       |     4 ||     4
Armor: Robe              |       |       |     2 ||     2
Dodge: Dodged            |       |       |    29 ||    29
